 Dungeon Crawl Stone Soup version 0.27.1-2-g3b301248ec (webtiles) character file.

Game seed: 5775090198608676018

144 Borgoz the Skirmisher (level 5, -1/49 HPs)
             Began as a Gargoyle Berserker on Sept 26, 2021.
             Was a Believer of Trog.
             Slain by an iron imp (6 damage)
             ... summoned by Natasha
             ... on level 3 of the Dungeon.
             The game lasted 00:02:29 (3490 turns).

Borgoz the Skirmisher (Gargoyle Berserker)          Turns: 3490, Time: 00:02:30

Health: -1/49      AC: 12    Str: 27    XL:     5   Next: 26%
Magic:  5/5        EV: 10    Int:  7    God:    Trog [**....]
Gold:   201        SH:  0    Dex: 10    Spells: 4/4 levels left

rFire    . . .     SeeInvis .   l - +0 flail (drain)
rCold    . . .     Faith    .   (no shield)
rNeg     + . .     Spirit   .   n - +0 scale mail
rPois    ∞         Reflect  .   (no helmet)
rElec    +         Harm     .   (no cloak)
rCorr    .         Rampage  .   a - +0 pair of gloves
Will     .....                  (no boots)
Stlth    ..........             (no amulet)
HPRegen  0.16/turn              d - +6 ring of strength
MPRegen  0.09/turn              (no ring)

@: berserking, very quick
A: sickness immunity, AC +4, negative energy resistance 1, electricity
resistance, torment resistance 1, petrification resistance
a: Renounce Religion, Berserk, Trog's Hand


You were on level 3 of the Dungeon.
You worshipped Trog.
Trog was pleased with you.
You visited 1 branch of the dungeon, and saw 3 of its levels.

You collected 201 gold pieces.

Inventory:

Hand Weapons
 l - a +0 flail of draining (weapon)
Armour
 a - a +0 pair of gloves (worn)
 n - a +0 scale mail (worn)
Jewellery
 d - a +6 ring of strength (left hand)
Scrolls
 e - a scroll of fog {unknown}
 h - a scroll of identify {unknown}
 i - a scroll of teleportation {unknown}
 k - a scroll of magic mapping {unknown}
Potions
 c - 2 potions of curing {unknown}
 f - a potion of resistance {unknown}
 g - a potion of cancellation {unknown}
 j - 2 potions of berserk rage {unknown}
 m - a potion of experience {unknown}


   Skills:
 + Level 4.2 Fighting
 + Level 3.9 Maces & Flails
 + Level 3.3 Armour
 + Level 2.5 Dodging


You had 4 spell levels left.
You didn't know any spells.
Your spell library was empty.

Dungeon Overview and Level Annotations

Branches:
Dungeon (3/15)

Altars:

Shops:
D:1 (

Annotations:
D:3 Natasha


Innate Abilities, Weirdness & Mutations

You are immune to sickness and miasma.
Your stone body is resilient. (AC +4)
You are immune to poison.
You resist negative energy. (rN+)
You are resistant to electric shocks. (rElec)
You are resistant to unholy torment.
You are immune to petrification.


Message History

You closely miss Natasha.
Natasha is lightly wounded.
Natasha closely misses you.
Natasha mumbles some strange words.
You barely miss Natasha.
Natasha is lightly wounded.
Natasha barely misses you.
You barely miss Natasha.
Natasha is lightly wounded.
Natasha claws you but does no damage.
You barely miss Natasha.
Natasha is lightly wounded.
Natasha claws you.
You hit Natasha.
Natasha is moderately wounded.
Natasha claws you but does no damage. The iron imp hits you.
You hit Natasha but do no damage.
Natasha is moderately wounded.
Natasha wildly gestures.
You feel disoriented. Natasha claws you but does no damage.
The iron imp hits you but does no damage.
Natasha casts a spell.
You closely miss Natasha.
Natasha is moderately wounded.
The iron imp hits you! Natasha closely misses you.
You are too injured to fight recklessly!
A red film seems to cover your vision as you go berserk!
You feel yourself moving faster!
You feel mighty!
The iron imp hits you but does no damage.
Natasha zaps a wand.
The puff of flame hits you!
* * * LOW HITPOINT WARNING * * *
You closely miss Natasha.
Natasha is moderately wounded.
You closely miss Natasha.
Natasha is moderately wounded.
Natasha zaps a wand.
The puff of flame hits you!
* * * LOW HITPOINT WARNING * * *
The iron imp hits you.
You die...

# #.# #..####.##...# #
#.# #............# # #.#
##.###.####.## # #.#
#.##..# #..# # #.#
#.##.## #.## # ##.###
#.##.# #.# ## #....###
#.##.# #.# .#
#.P....###.##.####.# .#
##.♣..P.##..@5.....# .#
#.♣♣♣P..####h###..## .#
#...♣♣.PP# #5# #...# .#
#...♣♣♣P.###.# #.#.# .#
#>.P.P.♣P....# #...# .#
#.........#..# #..## .#
#..###P......# #..## .#
#..# #####...###...#
.#####..#####.......#.#.#


You could see an iron imp (summoned), Natasha (drained) and a crimson imp
(summoned).

Vanquished Creatures
  Natasha (twice) (D:3)
  3 adders (D:2)
  2 worms
  A dart slug (D:3)
  4 ball pythons
  5 endoplasms
  5 goblins
  8 hobgoblins
  4 jackals (D:1)
  5 kobolds
  3 quokkas (D:2)
  8 bats
  2 frilled lizards
  7 rats
59 creatures vanquished.

Vanquished Creatures (others)
  12 plants (D:3)
12 creatures vanquished.

Grand Total: 71 creatures vanquished

Notes
Turn   | Place    | Note
-------+----------+-------------------------------------------
     0 | D:1      | Borgoz the Gargoyle Berserker began the quest for the Orb.
     0 | D:1      | Reached XP level 1. HP: 14/14 MP: 1/1
    46 | D:1      | Reached XP level 2. HP: 14/19 MP: 2/2
   501 | D:1      | You fall into a shaft and drop 1 floor!
   918 | D:2      | Reached XP level 3. HP: 23/23 MP: 3/3
   920 | D:2      | Reached ** piety under Trog
  1307 | D:2      | Reached XP level 4. HP: 29/29 MP: 4/4
  1821 | D:1      | Found Umat Ogi's Weapon Shoppe.
  2216 | D:1      | Reached skill level 4 in Fighting
  2503 | D:3      | Noticed Natasha
  2512 | D:3      | Killed Natasha
  3017 | D:3      | Reached XP level 5. HP: 33/33 MP: 5/5
  3097 | D:3      | Noticed Natasha
  3101 | D:3      | Killed Natasha
  3213 | D:3      | Found a faded altar of an unknown god.
  3474 | D:3      | Noticed Natasha
  3490 | D:3      | Slain by an iron imp

Illustrated notes

Levels and vault maps discovered:
D:1:      ncdulo_halloftheorcs, layout_basic, serial_shops,
          nicolae_lakefront_shop
D:2:      layout_basic, minmay_vboxes
D:3:      layout_loops_ring, hellmonk_ecumenical_altar_heavens_door,
          serial_forest, infiniplex_forest_clump_diagonal,
          infiniplex_forest_clump_C, infiniplex_forest_clump_C,
          infiniplex_forest_clump_double, infiniplex_forest_clump_double,
          uniq_natasha

Skill      XL: |  1  2  3  4 |
---------------+-------------+-----
Dodging        | 2 |  2.5
Armour         | 3 |  3.3
Fighting       | 4 |  4.2
Maces & Flails | |  3.9

Action                   |  1- 3 |  4- 6 || total
-------------------------+-------+-------++-------
Melee: Mace              |   100 |    45 ||   145
       Flail             |       |    39 ||    39
Invok: Berserk           |       |     1 ||     1
Armor: Animal skin       |    35 |    19 ||    54
       Scale mail        |       |    15 ||    15
Dodge: Dodged            |    68 |    48 ||   116
